 Dungeon Crawl Stone Soup version 0.25-a0-547-g27a0b5d1ef (webtiles) character file.

Game seed: 6309652496076550307, levelgen mode: deterministic

49 Forecaster the Magician (level 3, -3/28 HPs)
             Began as a Naga Wizard on Feb 22, 2020.
             Killed from afar by an orc wizard (9 damage)
             ... with a puff of frost
             ... on level 3 of the Dungeon.
             The game lasted 00:11:08 (2289 turns).

Forecaster the Magician (Naga Wizard)               Turns: 2289, Time: 00:11:09

Health: -3/28      AC:  2    Str:  9    XL:     3   Next: 77%
Magic:  1/8        EV:  9    Int: 18    God:
Gold:   91         SH:  0    Dex: 10    Spells: 4/9 levels left

rFire    . . .     SeeInvis +   m - +0 dagger
rCold    . . .     Gourm    .   (no shield)
rNeg     . . .     Faith    .   j - +0 leather armour
rPois    +         Spirit   .   b - +0 hat
rElec    .         Reflect  .   u - scarf {repulsion}
rCorr    .         Harm     .   (no gloves)
MR       .....                  (no barding)
Stlth    ++........             (no amulet)
HPRegen  0.09/turn              (no ring)
MPRegen  0.11/turn              (no ring)

@: very slightly contaminated, repel missiles, very slow
A: large, see invisible, deformed body, poison resistance, slowness 2, slow
metabolism 1, spit poison 1, AC +1
a: Spit Poison


You were on level 3 of the Dungeon.
You were not hungry.

You visited 1 branch of the dungeon, and saw 3 of its levels.

You collected 91 gold pieces.

Inventory:

Hand Weapons
 m - a +0 dagger (weapon)
 p - a +0 hand axe
Missiles
 g - 149 stones (quivered)
 h - 47 poisoned darts
Armour
 a - a +0 robe
 b - a +0 hat (worn)
 c - a +0 robe
 j - a +0 leather armour (worn)
 s - a +0 robe
 u - a scarf of repulsion (worn)
Wands
 t - a wand of digging (5)
Scrolls
 e - 2 scrolls of teleportation
 i - 2 scrolls of remove curse
 n - a scroll of fog {unknown}
 q - 2 scrolls of identify {unknown}
 r - 2 scrolls of magic mapping
Potions
 f - a potion of berserk rage {unknown}
 k - 3 potions of curing
 l - a potion of heal wounds {unknown}
 o - a potion of ambrosia {unknown}
 v - 2 potions of stabbing {unknown}
Comestibles
 d - 8 rations


   Skills:
 + Level 0.1 Fighting
 + Level 1.7 Dodging
 + Level 3.6 Stealth
 + Level 3.9 Spellcasting
 + Level 1.0 Conjurations
 + Level 1.5 Summonings
 + Level 1.0 Translocations


You had 4 spell levels left.
You knew the following spells:

 Your Spells              Type           Power        Failure   Level  Hunger
a - Magic Dart            Conj           #...         14%         1    None
b - Call Imp              Summ           #.......     17%         2    ##.....
c - Blink                 Tloc           N/A          22%         2    ##.....

Your spell library contained the following spells:

 Spells                   Type           Power        Failure   Level  Hunger
 Slow                     Hex            #.......     32%         2    ##.....
 Conjure Flame            Conj/Fire      #.......     45%         3    ###....
 Mephitic Cloud           Conj/Pois/Air  #.......     50%         3    ###....


Dungeon Overview and Level Annotations

Branches:
Dungeon (3/15)

Altars:


Innate Abilities, Weirdness & Mutations

You cannot wear boots.
Your serpentine skin is tough. (AC +1)
You have supernaturally acute eyesight. (SInv)
Armour fits poorly on your strangely shaped body.
Your system is resistant to poisons. (rPois)
You cover ground very slowly.
You have a slow metabolism.
You can spit poison.


Message History

Aiming: Magic Dart (safe; 14% risk of failure)
Press: ? - help, Shift-Dir - straight line, f - orc wizard
Aim: an orc wizard, wielding a +0 dagger and wearing a +0 robe (fast)
The magic dart hits the orc wizard.
The orc wizard is lightly wounded.
The orc wizard hits you with a +0 dagger.
* * * LOW HITPOINT WARNING * * *
The orc wizard misses you.
The orc priest barely misses your crimson imp.
Your crimson imp hits the orc priest.
Casting: Magic Dart (safe; 14% risk of failure)
Confirm with . or Enter, or press ? or * to list all spells.
You miscast Call Imp.
Strange energies run through your body.
The orc wizard hits you but does no damage.
The orc priest hits your crimson imp with a +0 short sword.
Your crimson imp closely misses the orc priest.
Your crimson imp disappears in a puff of smoke!
The orc wizard gestures at you while chanting.
The puff of frost hits you!
You die...

#####.#........###
#.#...#.##.# #
#.#...#.##.###
#.......###.##
#.#...#.# ##.#
###.......# ##.
##.#.#...#.# ##
##.#.<...)..# #
###@###.......#
#.o## ##).....#
#§#.###....##.#
#o##o#..##.##.####
#oo.#.#.##<....÷.#
###o###.......##.#


oo# #.##.##.# ... .ooo #.......# .### #.o...##.....## .# You could see an orc
priest (unaware) and an orc wizard.

Vanquished Creatures
  An adder (D:2)
  A worm (D:3)
  A dart slug (D:1)
  A bat (D:1)
  2 giant cockroaches
  A goblin (D:1)
  2 hobgoblins (D:1)
  2 jackals (D:3)
  2 kobolds (D:3)
  A ball python (D:3)
  3 frilled lizards
  5 rats
22 creatures vanquished.

Vanquished Creatures (collateral kills)
  2 adders
  A bat (D:3)
  A giant cockroach (D:2)
  3 goblins
  A hobgoblin (D:1)
  3 kobolds
11 creatures vanquished.

Grand Total: 33 creatures vanquished

Notes
Turn   | Place    | Note
-------+----------+-------------------------------------------
     0 | D:1      | Forecaster the Naga Wizard began the quest for the Orb.
     0 | D:1      | Reached XP level 1. HP: 15/15 MP: 4/4
   209 | D:1      | Reached XP level 2. HP: 15/22 MP: 0/6
   216 | D:1      | Learned a level 2 spell: Call Imp
   219 | D:1      | Learned a level 2 spell: Blink
  1144 | D:2      | Reached XP level 3. HP: 24/28 MP: 2/8
  2289 | D:3      | Killed from afar by an orc wizard

Levels and vault maps discovered:
D:1:      co_arrival_random_square_maze, layout_basic, st_stairs_12,
          minmay_misc_feat_encased, minmay_circled_x
D:2:      layout_loops_ring
D:3:      layout_loops_cross

Action                   || total
-------------------------++-------
Melee: Unarmed           ||    15
       Dagger            ||    57
 Cast: Magic Dart        ||    40
       Call Imp          ||    24
 Abil: Spit Poison       ||     1
  Use: Scroll            ||     3
       Potion            ||     1
  Eat: Chunk             ||     3
       Ration            ||     1
Armor: Robe              ||     3
       Leather armour    ||    19
Dodge: Dodged            ||    55
       Deflected         ||     1

Table legend:
 A = Non-vault XP
 B = Vault XP
 C = Vault XP percentage of total XP
 D = Non-vault monster count
 E = Vault monster count
 F = Vault count percentage of total count
                 A         B        C        D         E       F
            +---------+---------+-------+---------+---------+-------
      Total |      59 |      12 |  16.9 |      27 |       6 |  18.2
            +---------+---------+-------+---------+---------+-------
        D:1 |       9 |      12 |  57.1 |       7 |       6 |  46.2
        D:2 |      24 |       0 |   0.0 |       9 |       0 |   0.0
        D:3 |      26 |       0 |   0.0 |      11 |       0 |   0.0
            +---------+---------+-------+---------+---------+-------
